 Dungeon Crawl Stone Soup version 0.18.1-47-g9310371 (console) character file.

13630 Kloppie the Carver (level 11, -2/106 HPs)
             Began as a Minotaur Berserker on June 17, 2016.
             Was a High Priest of Trog.
             Killed from afar by an ice statue (6 damage)
             ... with a bolt of cold
             ... in an ice cave.
             The game lasted 00:17:58 (9003 turns).

Kloppie the Carver (Minotaur Berserker)             Turns: 9003, Time: 00:17:59

Health: -2/106     AC: 24    Str: 22    XL:     11   Next: 78%
Magic:  10/10      EV:  6    Int:  4    God:    Trog [*****.]
Gold:   440        SH:  0    Dex: 13    Spells: 0 memorised, 10 levels left

rFire  + + .     SeeInvis .     b - +2 scimitar (holy)
rCold  + + .     Gourm    .     k - +0 gold dragon armour
rNeg   . . .     Faith    .     (no shield)
rPois  +         Spirit   .     (helmet restricted)
rElec  +         Dismiss  .     p - +1 cloak
rCorr  +         Reflect  .     (no gloves)
SustAt .         Harm     .     (no boots)
MR     +++..                    O - amulet of regeneration
Stlth  ..........               w - +3 ring of protection
                                j - ring of resist corrosion

@: resistant, regenerating, extremely resistant to hostile enchantments,
extremely unstealthy
A: retaliatory headbutt, horns 2, magic resistance 1
a: Berserk, Trog's Hand, Brothers in Arms, Burn Spellbooks, Renounce Religion


You were in an ice cave.
You worshipped Trog.
Trog was extremely pleased with you.
You were very hungry.

You visited 2 branches of the dungeon, and saw 12 of its levels.
You also visited: Ice Cave.

You collected 659 gold pieces.
You spent 219 gold pieces at shops.

Inventory:

Hand Weapons
 a - a +1 falchion
 b - a +2 scimitar of holy wrath (weapon)
Armour
 k - a +0 gold dragon armour (worn)
 l - a +0 buckler
 p - a +1 cloak (worn)
Jewellery
 j - a ring of resist corrosion (left hand)
 w - a +3 ring of protection (right hand)
 L - an uncursed ring of ice
 O - an amulet of regeneration (around neck)
Wands
 D - a wand of polymorph (20/24)
 I - a wand of iceblast (4/15)
 M - a wand of lightning (11/15)
Scrolls
 d - a scroll of blinking
 e - 4 scrolls of fog
 h - 5 scrolls of recharging
 n - 5 scrolls of remove curse
 y - 5 scrolls of teleportation
 G - 3 scrolls of enchant weapon
Potions
 g - 2 potions of might
 i - a potion of brilliance
 o - a potion of magic
 q - 3 potions of mutation
 r - 4 potions of curing
 u - 5 potions of haste
 v - 2 potions of cancellation {unknown}
 z - a potion of heal wounds {unknown}
 A - 2 potions of agility {unknown}
 C - 3 potions of degeneration {unknown}
 E - a potion of flight
 F - a potion of resistance
 H - a potion of berserk rage
 N - a potion of invisibility
 P - a potion of experience {unknown}
Comestibles
 c - 12 bread rations
 f - 6 meat rations
 s - 18 fruits
 x - 3 beef jerkies
 K - 10 slices of pizza


   Skills:
 + Level 12.8 Fighting
 + Level 13.1 Long Blades
 + Level 12.7 Armour
 - Level 5.3 Dodging


You had 10 spell levels left.
You didn't know any spells.

Dungeon Overview and Level Annotations

Branches:
Dungeon (11/15)            Temple (0/1) D:7            Lair (1/8) D:11
    Orc (0/2) D:10

Altars:
Ashenzari
Dithmenos
Gozag
Okawaru
Qazlal
Sif Muna
Trog
Vehumet
Xom

Shops:
D:6 *

Annotations:
D:7 exclusion: statue IceCv exclusion: 2 ice statues


Innate Abilities, Weirdness & Mutations

You reflexively headbutt those who attack you in melee.
You have a pair of horns on your head.
You are resistant to hostile enchantments.


Message History

* * * LOW HITPOINT WARNING * * *
The ice beast hits you but does no damage.
The ice statue gestures at you. The freezing blast engulfs you! You resist.
* * * LOW HITPOINT WARNING * * *
The ice beast hits you but does no damage. x2
You slash the ice statue!
The ice statue is moderately damaged.
You are engulfed in freezing vapours.
You resist.
* * * LOW HITPOINT WARNING * * *
The ice beast hits you but does no damage.
The ice beast barely misses you.
You hit the ice statue.
The ice statue is moderately damaged.
You are engulfed in freezing vapours.
You resist.
* * * LOW HITPOINT WARNING * * *
The ice statue gestures at you.
The bolt of cold hits the ice beast.
The ice beast completely resists.
The bolt of cold hits you! You resist.
You die...

#####
###...####
##........##
#..........##
#...§..§....##
#.8..8YY.§...#
#..}.§@Y.....#
#.).(YY§...∩.#
#..$§.Y......#
#.8..8.......#
#...........##
#..........##
##........##
###...####
####


You could see 2 ice statues and 6 ice beasts.

Vanquished Creatures
  Josephine (D:10)
  2 hill giants
  An ugly thing (D:11)
  A manticore (D:11)
  2 trolls (D:10)
  A two-headed ogre (D:9)
  A polar bear (D:11)
  A spriggan (D:8)
  4 wraiths (D:10)
  6 yaks
  2 centaur simulacra (D:11)
  A wyvern (D:8)
  2 hippogriffs
  2 hungry ghosts
  Menkaure (D:5)
  4 orc warriors
  A wasp (D:7)
  12 ice beasts
  An eye of draining (D:9)
  5 ogres (D:10)
  4 necrophages
  A phantom (D:9)
  4 centaurs
  4 big kobolds (D:10)
  5 giant frogs
  A wyvern zombie (D:11)
  2 gnoll sergeants
  A wyvern skeleton (D:11)
  4 scorpions
  17 killer bees
  5 wights (D:8)
  An electric eel (D:11)
  A howler monkey (D:4)
  5 crimson imps
  3 centaur zombies
  2 giant frog zombies
  5 hounds
  2 centaur skeletons
  6 orc priests
  An iguana (D:9)
  A jelly (D:9)
  7 orc wizards
  Jessica (D:3)
  A giant frog skeleton (D:11)
  12 worker ants
  A killer bee zombie (D:11)
  2 hound zombies (D:8)
  A howler monkey zombie (D:5)
  A worker ant zombie (D:10)
  13 gnolls
  12 adders
  A hound simulacrum (D:11)
  A shadow imp (D:9)
  14 white imps
  A worker ant simulacrum (D:11)
  An ooze (D:2)
  An adder skeleton (D:8)
  3 worms
  4 dart slugs
  4 giant geckos
  28 orcs
  A ball python (D:6)
  10 giant cockroaches
  9 goblins
  9 hobgoblins
  8 jackals
  5 quokkas
  8 bats
  A giant gecko zombie (D:7)
  5 giant newts
  A jackal skeleton (D:8)
  8 kobolds
  7 rats
  A plant (D:11)
308 creatures vanquished.

Vanquished Creatures (collateral kills)
  Snorg (D:10)
  A hydra (D:11)
  An orc warrior (D:10)
  2 ogres (D:10)
  A big kobold (D:10)
  A gnoll sergeant (D:10)
  A centaur skeleton (D:10)
  2 gnolls (D:10)
10 creatures vanquished.

Vanquished Creatures (others)
  A giant newt (D:3)
1 creature vanquished.

Grand Total: 319 creatures vanquished

Notes
Turn   | Place    | Note
--------------------------------------------------------------
     0 | D:1      | Kloppie the Minotaur Berserker began the quest for the Orb.
     0 | D:1      | Reached XP level 1. HP: 19/19 MP: 0/0
   225 | D:1      | Reached XP level 2. HP: 20/27 MP: 1/1
   676 | D:2      | Found a deep blue altar of Sif Muna.
   732 | D:2      | Reached ** piety under Trog
   792 | D:2      | Reached skill level 4 in Long Blades
   815 | D:2      | Reached XP level 3. HP: 33/33 MP: 2/2
  1055 | D:2      | You fall through a shaft!
  1154 | D:3      | Reached XP level 4. HP: 21/40 MP: 3/3
  1481 | D:3      | Found a shadowy altar of Dithmenos.
  2077 | D:3      | Reached *** piety under Trog
  2173 | D:3      | Noticed Jessica
  2175 | D:3      | Killed Jessica
  2180 | D:3      | Reached XP level 5. HP: 47/47 MP: 4/4
  2379 | D:3      | Found an iron altar of Okawaru.
  2416 | D:3      | Found a faded altar to an unknown god.
  2478 | D:4      | Reached skill level 5 in Long Blades
  2574 | D:4      | Reached **** piety under Trog
  2609 | D:4      | Reached XP level 6. HP: 54/55 MP: 5/5
  2617 | D:4      | Reached skill level 5 in Fighting
  2623 | D:4      | Received a gift from Trog
  3151 | D:5      | Entered Level 5 of the Dungeon
  3215 | D:5      | Noticed Menkaure
  3243 | D:5      | Killed Menkaure
  3243 | D:5      | Reached skill level 5 in Armour
  3243 | D:5      | Reached XP level 7. HP: 47/61 MP: 6/6
  3311 | D:5      | Reached skill level 6 in Long Blades
  3613 | D:5      | Reached skill level 5 in Dodging
  3857 | D:6      | Found Xidazaox's Assorted Antiques.
  3865 | D:6      | Bought a scroll of identify for 68 gold pieces
  3865 | D:6      | Bought a fuming black potion for 30 gold pieces
  3865 | D:6      | Bought 2 fizzy dark potions for 61 gold pieces
  3865 | D:6      | Bought a fuming dark potion for 30 gold pieces
  3865 | D:6      | Bought a silvery potion for 30 gold pieces
  3955 | D:6      | Found a shimmering altar of Xom.
  4093 | D:6      | Found an opulent altar of Gozag.
  4170 | D:7      | Reached XP level 8. HP: 71/71 MP: 7/7
  4278 | D:7      | Found a radiant altar of Vehumet.
  4324 | D:7      | Reached skill level 7 in Long Blades
  4332 | D:7      | Found a staircase to the Ecumenical Temple.
  4407 | D:7      | Found a shattered altar of Ashenzari.
  4444 | D:7      | Found an opulent altar of Gozag.
  4597 | D:7      | Reached ***** piety under Trog
  4604 | D:7      | Reached skill level 8 in Long Blades
  5111 | D:8      | Reached XP level 9. HP: 80/81 MP: 8/8
  5247 | D:8      | Reached skill level 9 in Long Blades
  5270 | D:8      | Got an agate-encrusted leather armour
  5281 | D:8      | Identified the +2 leather armour of Viuddem {Int+2} (You found it on level 8 of the Dungeon)
  5819 | D:8      | Found a stormy altar of Qazlal.
  5945 | D:9      | Reached skill level 10 in Long Blades
  6053 | D:9      | Reached skill level 10 in Fighting
  6059 | D:9      | Reached XP level 10. HP: 29/93 MP: 9/9
  6183 | D:9      | Reached skill level 10 in Armour
  6419 | D:9      | Noticed a hill giant
  6432 | D:9      | Killed a hill giant
  6509 | D:9      | Reached skill level 11 in Long Blades
  6518 | D:9      | Gained mutation: You are resistant to hostile enchantments. [potion of beneficial mutation]
  6772 | D:10     | Entered Level 10 of the Dungeon
  6833 | D:10     | Noticed Snorg
  6839 | D:10     | Killed Snorg
  6965 | D:10     | Found a staircase to the Orcish Mines.
  7019 | D:10     | Reached XP level 11. HP: 59/102 MP: 10/10
  7655 | D:10     | Noticed Josephine
  7659 | D:10     | Reached skill level 12 in Long Blades
  7667 | D:10     | Killed Josephine
  8120 | D:11     | Noticed a hill giant
  8129 | D:11     | Killed a hill giant
  8189 | D:11     | Found a bloodstained altar of Trog.
  8222 | D:11     | Noticed a green ugly thing
  8249 | D:11     | Killed a green ugly thing
  8490 | D:11     | Found a staircase to the Lair.
  8510 | D:11     | Noticed a six-headed hydra
  8514 | D:11     | Killed a seven-headed hydra
  8744 | D:11     | Reached skill level 13 in Long Blades
  8865 | Lair:1   | Entered Level 1 of the Lair of Beasts
  8897 | Lair:1   | Found a frozen archway.
  8939 | IceCv    | Entered an ice cave
  9003 | IceCv    | HP: 3/106 [ice statue] (4)]
  9003 | IceCv    | Killed from afar by an ice statue

Skill      XL: |  1  2  3  4  5  6  7  8  9 10 11 |
---------------+----------------------------------+-----
Long Blades    | 4 5 6 8 10 11 13 | 13.1
Armour         | 3 4 5 6 8 9 11 12 | 12.7
Fighting       | 4 5 6 8 10 11 12 | 12.8
Dodging        | 3 4 5 |  5.3

Action                   |  1- 3 |  4- 6 |  7- 9 | 10-12 || total
-------------------------+-------+-------+-------+-------++-------
Melee: Falchion          |    70 |   164 |   426 |   199 ||   859
       Headbutt          |     6 |    25 |   108 |   109 ||   248
       Scimitar          |       |       |       |   234 ||   234
Invok: Berserk           |     1 |     1 |     1 |     3 ||     6
       Trog's Hand       |       |     1 |     2 |     5 ||     8
       Brothers in Arms  |       |       |       |     3 ||     3
  Use: Scroll            |       |    12 |     9 |     3 ||    24
       Potion            |       |       |       |     3 ||     3
  Eat: Chunk             |     2 |     8 |    12 |    18 ||    40
       Beef jerky        |       |       |       |     1 ||     1
Armor: Animal skin       |     7 |       |       |       ||     7
       Chain mail        |    17 |   118 |    15 |       ||   150
       Gold dragon armou |       |       |   309 |   412 ||   721
Dodge: Dodged            |    38 |   100 |   121 |   161 ||   420
